 Dungeon Crawl Stone Soup version 0.25-a0-294-gea9b1ad378 (webtiles) character file.

Game seed: 8528524401464227917, levelgen mode: deterministic

90 DerDa the Magician (level 4, 0/27 HPs)
             Began as an Octopode Wizard on Dec 18, 2019.
             Slain by a gnoll
             ... wielding a +0 whip
              (5 damage)
             ... on level 2 of the Dungeon.
             The game lasted 00:14:07 (3329 turns).

DerDa the Magician (Octopode Wizard)                Turns: 3329, Time: 00:14:08

Health: 0/27       AC:  1    Str:  6    XL:     4   Next: 56%
Magic:  4/9        EV: 13    Int: 21    God:
Gold:   135        SH:  0    Dex: 10    Spells: 3/10 levels left

rFire    . . .     SeeInvis .   g - +0 falchion
rCold    . . .     Gourm    .   (no shield)
rNeg     . . .     Faith    .   a - +0 hat
rPois    .         Spirit   .   (no amulet)
rElec    .         Reflect  .   (no ring)
rCorr    .         Harm     .   (no ring)
MR       .....                  (no ring)
Stlth    +++.......             (no ring)
HPRegen  0.09/turn              (no ring)
MPRegen  0.11/turn              (no ring)
                                (no ring)
                                (no ring)

@: lightly drained
A: almost no armour, stealthy swim, amphibious, 8 rings, constrict 8, camouflage
1, gelatinous body 1
a: no special abilities


You were on level 2 of the Dungeon.
You were very hungry.

You visited 1 branch of the dungeon, and saw 3 of its levels.

You collected 135 gold pieces.

Inventory:

Hand Weapons
 b - a +0 club
 d - a +0 short sword
 g - a +0 falchion (weapon)
 k - a +0 whip
Missiles
 e - 87 stones (quivered)
 j - 13 bolts
 q - 13 sling bullets
Armour
 a - a +0 hat (worn)
Scrolls
 f - a scroll of remove curse
 m - a scroll of enchant weapon {unknown}
 n - a scroll of teleportation {unknown}
 p - 2 scrolls of fog {unknown}
 s - a scroll of blinking {unknown}
 t - 2 scrolls of random uselessness {unknown}
Potions
 h - 3 potions of resistance
 i - 2 potions of haste {unknown}
 o - a potion of curing {unknown}
 r - a potion of agility {unknown}
Comestibles
 c - 5 rations


   Skills:
 - Level 2.0(1.9) Dodging
 + Level 3.7 Stealth
 * Level 3.8(3.7) Spellcasting
 * Level 2.6(2.5) Conjurations
   Level 1.0(0.9) Summonings
   Level 1.0(0.9) Translocations
 + Level 0.9 Poison Magic


You had 3 spell levels left.
You knew the following spells:

 Your Spells              Type           Power        Failure   Level  Hunger
a - Magic Dart            Conj           ##..         4%          1    None
b - Mephitic Cloud        Conj/Pois/Air  #.......     22%         3    ###....
c - Conjure Flame         Conj/Fire      #.......     22%         3    ###....

Your spell library contained the following spells:

 Spells                   Type           Power        Failure   Level  Hunger
 Blink                    Tloc           N/A          13%         2    ##.....
 Call Imp                 Summ           #.......     13%         2    ##.....
 Slow                     Hex            #.......     19%         2    ##.....


Dungeon Overview and Level Annotations

Branches:
Dungeon (3/15)

Altars:


Innate Abilities, Weirdness & Mutations

You cannot wear most types of armour.
You are very stealthy in the water. (Stealth+)
You are amphibious.
You can wear up to eight rings at the same time.
You can use your tentacles to constrict eight enemies at once.
Your skin changes colour to match your surroundings (Stealth+).
Your rubbery body absorbs attacks. (AC +1, EV +1)


Message History

The gnoll is lightly wounded.
The gnoll hits you with a +0 whip.
Casting: Magic Dart (safe; 4% risk of failure)
Confirm with . or Enter, or press ? or * to list all spells.
Aiming: Magic Dart (safe; 4% risk of failure)
Press: ? - help, Shift-Dir - straight line, f/p - gnoll
Aim: a gnoll, wielding a +0 whip (lightly wounded)
The magic dart hits the gnoll.
The gnoll is moderately wounded.
The gnoll hits you with a +0 whip!
* * * LOW HITPOINT WARNING * * *
Casting: Magic Dart (safe; 4% risk of failure)
Confirm with . or Enter, or press ? or * to list all spells.
Aiming: Magic Dart (safe; 4% risk of failure)
Press: ? - help, Shift-Dir - straight line, f/p - gnoll
Aim: a gnoll, wielding a +0 whip (moderately wounded)
The magic dart hits the gnoll.
The gnoll is heavily wounded.
The gnoll hits you with a +0 whip.
You die...

#.#.#.#.#.#.#.#.#.#.#####...[....
..............................###
#.#.#.#.#.#.#.#.#.#.#########.#
..........>..........# #...#
#.#)#.#.#.#)#.#.#.#.## ###.###
.....#..#####..###.## #....
.....#.## ##..##.# ##### .......#
##g##.# #.. ...([### #.@#.#
######.# .....###########.#.#
#....#.# #####........# #...#
#....#.# #####........# ##..#
#....#.# ######.......# #..#
##....#.# ...###.......# ##.#
#.....'.# ....##.......# ###.#
#.....### .....#.......# #..>#
#........ ####.........# #.###
#.#######


You could see a gnoll.

Vanquished Creatures
  Jessica (D:2)
  2 dart slugs (D:1)
  2 leopard geckos (D:2)
  An orc (D:3)
  A ball python (D:2)
  4 giant cockroaches
  8 goblins
  8 hobgoblins
  2 jackals (D:1)
  10 kobolds
  A quokka (D:2)
  4 bats
  9 rats
53 creatures vanquished.

Notes
Turn   | Place    | Note
-------+----------+-------------------------------------------
     0 | D:1      | DerDa the Octopode Wizard began the quest for the Orb.
     0 | D:1      | Reached XP level 1. HP: 11/11 MP: 4/4
   216 | D:1      | Reached XP level 2. HP: 17/17 MP: 0/6
   844 | D:1      | Reached XP level 3. HP: 21/21 MP: 4/7
   856 | D:1      | Learned a level 3 spell: Mephitic Cloud
   860 | D:1      | Learned a level 3 spell: Conjure Flame
  1647 | D:2      | Noticed Jessica
  1715 | D:2      | You fall into a shaft and drop 1 floor!
  2375 | D:2      | Reached XP level 4. HP: 25/27 MP: 5/9
  2924 | D:2      | Killed Jessica
  3329 | D:2      | Slain by a gnoll

Levels and vault maps discovered:
D:1:      ncdulo_watergridlock, layout_loops_ring
D:2:      layout_basic, nrook_loot_triangle, kennysheep_nub, st_stairs_13,
          uniq_jessica
D:3:      minmay_goblin_kobold_castle, layout_basic, minmay_pentomino_pile

Skill      XL: |  1  2  3 |
---------------+----------+-----
Stealth        | 3 |  3.7
Conjurations   | 2 |  2.6
Dodging        | |  2.0
Spellcasting   | |  3.8
Summonings     | |  1.0
Translocations | |  1.0
Poison Magic   | |  0.9

Action                   |  1- 3 |  4- 6 || total
-------------------------+-------+-------++-------
Melee: Short sword       |    20 |       ||    20
       Constrict         |     7 |     2 ||     9
       Unarmed           |     2 |       ||     2
       Tentacles         |     5 |     1 ||     6
       Falchion          |       |     2 ||     2
 Cast: Magic Dart        |   101 |    29 ||   130
  Use: Scroll            |     2 |       ||     2
 Stab: Sleeping          |       |     1 ||     1
  Eat: Chunk             |     4 |     2 ||     6
Armor: Skin              |     1 |     1 ||     2
Dodge: Dodged            |    39 |     4 ||    43
       Rpst.: Falchion   |     1 |     2 ||     3

Table legend:
 A = Non-vault XP
 B = Vault XP
 C = Vault XP percentage of total XP
 D = Non-vault monster count
 E = Vault monster count
 F = Vault count percentage of total count
                 A         B        C        D         E       F
            +---------+---------+-------+---------+---------+-------
      Total |      87 |      42 |  32.6 |      49 |       4 |   7.5
            +---------+---------+-------+---------+---------+-------
        D:1 |      59 |       0 |   0.0 |      34 |       0 |   0.0
        D:2 |      28 |      39 |  58.2 |      15 |       3 |  16.7
        D:3 |       0 |       3 | 100.0 |       0 |       1 | 100.0
            +---------+---------+-------+---------+---------+-------
